 Dungeon Crawl Stone Soup version 0.29-a0-317-gd16b76e6b1 (console) character file.

Game seed: 9857916398681341053

83 Ignak the Skirmisher (level 4, -4/45 HPs)
             Began as an Ogre Warper on Apr 1, 2022.
             Slain by an ogre
             ... wielding a +0 giant spiked club
              (22 damage)
             ... on level 5 of the Dungeon.
             The game lasted 00:03:40 (2573 turns).

Ignak the Skirmisher (Ogre Warper)                  Turns: 2573, Time: 00:03:40

Health: -4/45      AC:  3    Str: 17    XL:     4   Next: 44%
Magic:  6/8        EV: 10    Int: 14    God:
Gold:   153        SH:  0    Dex:  8    Spells: 4/9 levels left

rFire   . . .      SeeInvis .   h - +1 spear (freeze)
rCold   . . .      Faith    .   (no shield)
rNeg    . . .      Spirit   .   b - +0 robe
rPois   .          Reflect  .   (helmet restricted)
rElec   .          Harm     .   (no cloak)
rCorr   .          Rampage  .   (gloves unavailable)
Will    .....                   (boots unavailable)
Stlth   +.........              (no amulet)
HPRegen 0.15/turn               (no ring)
MPRegen 0.11/turn               (no ring)

@: on blink cooldown
A: large, unfitting armour, tough skin 1
a: no special abilities


You were on level 5 of the Dungeon.
You visited 1 branch of the dungeon, and saw 4 of its levels.

You collected 153 gold pieces.

Inventory:

Hand Weapons
 a - a +0 mace
 h - a +1 spear of freezing (weapon)
Missiles
 d - 7 boomerangs of dispersal (quivered)
Armour
 b - a +0 robe (worn)
Jewellery
 l - an amulet of reflection
Scrolls
 e - 2 scrolls of fog {unknown}
 f - 2 scrolls of identify {unknown}
 g - 2 scrolls of vulnerability {unknown}
 i - a scroll of brand weapon {unknown}
 j - a scroll of immolation {unknown}
 k - a scroll of teleportation {unknown}


   Skills:
 * Level 3.4 Fighting
 * Level 2.4 Maces & Flails
 + Level 1.7 Throwing
 + Level 2.5 Dodging
 + Level 3.0 Spellcasting
 + Level 3.0 Translocations


You had 4 spell levels left.
You knew the following spells:

 Your Spells              Type           Power      Damage    Failure   Level
a - Teleport Other        Tloc           10%        N/A       19%         3
b - Blink                 Tloc           20%        N/A       9%          2

Your spell library contained the following spells:

 Spells                   Type           Power      Damage    Failure   Level
 Gell's Gravitas          Tloc           10%        N/A       19%         3
 Lesser Beckoning         Tloc           10%        N/A       19%         3
 Static Discharge         Conj/Air       2%         N/A       32%         2
 Dispel Undead            Necr           2%         3d7       91%         4
 Sticky Flame             Conj/Fire      2%         2d3       91%         4
 Manifold Assault         Tloc           10%        N/A       86%         5


Dungeon Overview and Level Annotations

Branches:
Dungeon (3/15)

Altars:


Innate Abilities, Weirdness & Mutations

You are too large for most types of armour.
You have tough skin. (AC +1)


Message History

The gnoll attacks as you move away! The gnoll hits you with a +0 flail.
The gnoll attacks as you move away! The gnoll closely misses you.
The sky beast flickers out of sight!
Deactivating autopickup; reactivate with Ctrl-A.
Casting: Blink (safe; 9% risk of failure)
Confirm with . or Enter, or press ? or * to list all spells.
You blink.
A worm comes into view.
A necrophage comes into view.
Found 3 scrolls labelled BIEP JA OBBON.
You feel stable enough to blink again. The adder bites you but does no damage.
The adder attacks as you move away! The adder bites you.
The sentinel's mark upon you fades away.
You closely miss the adder. The adder bites you but does no damage.
The adder barely misses you.
You hit the adder.
The adder seems to slow down.
You freeze the adder.
The adder is heavily wounded.
The adder closely misses you.
You miss the adder.
The adder is heavily wounded.
The adder bites you but does no damage.
The adder is no longer moving slowly.
The adder attacks as you move away! The adder bites you.
You miss the adder.
The adder is heavily wounded.
The adder bites you but does no damage. x2
Casting: Blink (safe; 9% risk of failure)
Confirm with . or Enter, or press ? or * to list all spells.
You blink.
The necrophage hits you but does no damage.
The gnoll hits you from afar with a +0 halberd!
Blink to where?
Press: ? - help, Dir - move target An ogre comes into view.
It is wielding a +0 giant spiked club.
Found a chain mail.
As you read the scroll of blinking, it crumbles to dust.
The ogre shouts!
The ogre hits you with a +0 giant spiked club!!
You die...

####### .....##
#########.....###
#...ng.S.@...[...
#g#######O....#.#
#.# ##...## #w#
#.## #####.# .#
#.g.O.# .#
#g##### # ####.##
.n.ng.#####


You could see an ogre, a necrophage, a gnoll and an adder.

Vanquished Creatures
  3 adders (D:2)
  A dart slug (D:1)
  7 ball pythons
  6 endoplasms
  A giant cockroach (D:1)
  6 goblins
  3 hobgoblins
  4 quokkas
  3 bats
  6 frilled lizards
  7 kobolds
  4 rats
51 creatures vanquished.

Notes
Turn   | Place    | Note
-------+----------+-------------------------------------------
     0 | D:1      | Ignak the Ogre Warper began the quest for the Orb.
     0 | D:1      | Reached XP level 1. HP: 22/22 MP: 3/3
   506 | D:1      | Reached XP level 2. HP: 29/29 MP: 5/5
   644 | D:1      | Found a faded altar of an unknown god.
   877 | D:2      | Reached XP level 3. HP: 23/37 MP: 7/7
  1808 | D:2      | Reached XP level 4. HP: 42/45 MP: 8/8
  1816 | D:2      | Learned a level 2 spell: Blink
  1820 | D:2      | Learned a level 3 spell: Teleport Other
  2501 | D:3      | You fall into a shaft and drop 2 floors!
  2501 | D:5      | Entered Level 5 of the Dungeon
  2501 | D:5      | Noticed an ogre
  2506 | D:5      | Noticed a sky beast
  2514 | D:5      | Noticed a necrophage
  2535 | D:5      | Noticed a necrophage
  2549 | D:5      | Noticed a necrophage
  2572 | D:5      | Noticed an ogre
  2573 | D:5      | Slain by an ogre

Illustrated notes

Levels and vault maps discovered:
D:1:      scummos_arrival_star, layout_rooms, nicolae_ecumenical_lake_church,
          columned_hall_lemuel
D:2:      layout_basic
D:3:      layout_basic
D:5:      layout_loops_ring, kennysheep_donut

Skill      XL: |  1  2  3  4 |
---------------+-------------+-----
Maces & Flails | 2 |  2.4
Fighting       | 3 |  3.4
Translocations | 3 |  3.0
Spellcasting   | 3 |  3.0
Throwing       | |  1.7
Dodging        | |  2.5

Action                   |  1- 3 |  4- 6 || total
-------------------------+-------+-------++-------
Melee: Mace              |    15 |       ||    15
       Spear             |   112 |    26 ||   138
 Cast: Blink             |       |     3 ||     3
  Use: Scroll            |       |     1 ||     1
       Potion            |       |     1 ||     1
Armor: Robe              |    45 |    14 ||    59
Dodge: Dodged            |    80 |     9 ||    89

Table legend: (Time is in decaauts)
 A = Elapsed time spent in this place.
 B = Non-inter-level travel time spent in this place.
 C = Inter-level travel time spent in this place.
 D = Time resting spent in this place.
 E = Time spent auto-exploring this place.
 F = Levels seen in this place.
 G = Mean time per level.
                   A        B        C        D        E       F      G
               +--------+--------+--------+--------+--------+-----+--------+
         Total |   2591 |   2548 |     43 |    427 |   1551 |   4 |  647.8 |
       Dungeon |   2591 |   2548 |     43 |    427 |   1551 |   4 |  647.8 |
               +--------+--------+--------+--------+--------+-----+--------+

Top non-repeatable levels by time:
     D:2: 1438 daAuts
     D:1: 867 daAuts
     D:3: 213 daAuts
     D:5: 72 daAuts
